 Dungeon Crawl Stone Soup version 0.30.0 (webtiles) character file.

Game seed: 4957290478257329969

72526 meatpath the Warrior (level 15, -30/225 HPs)
             Began as a Minotaur Berserker on May 6, 2023.
             Was the Champion of Trog.
             Annihilated by a titanic slime creature (86 damage)
             ... on level 12 of the Dungeon.
             The game lasted 01:00:29 (21641 turns).

meatpath the Warrior (Minotaur Berserker)          Turns: 21641, Time: 01:00:30

Health: -30/225    AC: 19    Str: 30    XL:     15   Next: 1%
Magic:  4/4        EV:  8    Int:  6    God:    Trog [******]
Gold:   2143       SH: 23    Dex: 10    Spells: 14/14 levels left

rFire   + . .        I - +9 war axe (antimagic)
rCold   . . .        p - +0 tower shield
rNeg    . . .        Q - +0 plate armour
rPois   +            (helmet restricted)
rElec   .            w - +0 cloak
rCorr   .            Z - +1 pair of gloves {Str+3}
SInv    .            t - +0 pair of boots
Will    +....        C - amulet of reflection Stlth
                     k - ring of poison resistance
HPRegen 0.57/turn    W - ring of protection from fire
MPRegen 0.09/turn

%: reflection
@: berserking, very quick
A: horns 2, retaliatory headbutt
a: Renounce Religion, Berserk, Trog's Hand, Brothers in Arms


You were on level 12 of the Dungeon.
You worshipped Trog.
Trog was exalted by your worship.
You visited 3 branches of the dungeon, and saw 19 of its levels.

You collected 2143 gold pieces.

Inventory:

Hand Weapons
 E - a +1 scimitar of flaming
 I - a +9 antimagic war axe (weapon)
Missiles
 J - 4 throwing nets (quivered)
Armour
 p - a +0 tower shield (worn)
 t - a +0 pair of boots (worn)
 w - a +0 cloak (worn)
 Q - a +0 plate armour (worn)
 Z - a +1 pair of gloves of strength (worn)
Jewellery
 j - a +6 ring of intelligence
 k - a ring of poison resistance (left hand)
 C - an amulet of reflection (around neck)
 U - a ring of willpower
 W - a ring of protection from fire (right hand)
 Y - a ring of resist corrosion
Wands
 h - a wand of flame (27)
 n - a wand of charming (28)
 A - a wand of polymorph (9)
 D - a wand of roots (20)
 K - a wand of light (8)
 X - a wand of digging (7)
Scrolls
 b - a scroll of brand weapon
 q - 3 scrolls of fog
 r - 8 scrolls of magic mapping
 v - 4 scrolls of enchant armour
 y - 3 scrolls of poison
 z - 2 scrolls of teleportation
 F - a scroll of enchant weapon
 L - a scroll of blinking {unknown}
 M - 2 scrolls of fear {unknown}
 O - 3 scrolls of noise {unknown}
 P - 3 scrolls of vulnerability {unknown}
 T - 2 scrolls of butterflies {unknown}
Potions
 a - 2 potions of haste
 d - 2 potions of berserk rage
 e - 8 potions of curing
 f - 2 potions of heal wounds
 g - 4 potions of lignification
 i - 2 potions of flight {unknown}
 l - 3 potions of ambrosia {unknown}
 m - 2 potions of magic {unknown}
 s - 2 potions of invisibility {unknown}
 u - a potion of mutation {unknown}
 B - 2 potions of cancellation {unknown}
 G - 3 potions of resistance {unknown}
 H - 4 potions of degeneration {unknown}
 N - 3 potions of might {unknown}
 V - 3 potions of attraction {unknown}
Miscellaneous
 R - a phantom mirror
 S - a lightning rod (4/4)


   Skills:
 + Level 18.6 Fighting
 + Level 18.6 Axes
 + Level 9.4 Armour
 - Level 3.1 Dodging
 - Level 16.0 Shields


You had 14 spell levels left.
You didn't know any spells.
Your spell library was empty.

Dungeon Overview and Level Annotations

Branches:
Dungeon (13/15)            Temple (1/1) D:7            Lair (5/5) D:8
 Shoals (0/4) Lair:2       Spider (0/4) Lair:2        Slime (0/5) Lair:5
    Orc (0/2) D:11
 Vaults: D:13-14

Altars:
Dithmenos
Elyvilon
Hepliaklqana
Okawaru
Qazlal
Ru
Sif Muna
Trog
Uskayaw
Vehumet
Xom
The Shining One
Jiyva

Shops:
D:6 (

Annotations:
D:9 1 exclusion
D:13 1 runed translucent door
Lair:3 exclusion: 2 oklob plants


Innate Abilities, Weirdness & Mutations

You have a pair of horns on your head.
You reflexively headbutt those who attack you in melee.


Message History

You block the titanic slime creature's attack.
The titanic slime creature attacks as you move away!
The titanic slime creature hits you!
The titanic slime creature attacks as you move away!
The titanic slime creature closely misses you.
The titanic slime creature attacks as you move away!
You block the titanic slime creature's attack.
The titanic slime creature attacks as you move away!
You block the titanic slime creature's attack.
The titanic slime creature attacks as you move away!
You block the titanic slime creature's attack.
There is a stone staircase leading up here.
You block the titanic slime creature's attack.
You climb upwards.
There is a stone staircase leading down here.
The titanic slime creature attacks as you move away!
The titanic slime creature barely misses you.
The titanic slime creature attacks as you move away!
You block the titanic slime creature's attack.
The titanic slime creature attacks as you move away!
You block the titanic slime creature's attack.
The titanic slime creature attacks as you move away!
You block the titanic slime creature's attack.
The titanic slime creature attacks as you move away!
You block the titanic slime creature's attack.
The titanic slime creature attacks as you move away!
You block the titanic slime creature's attack.
The titanic slime creature attacks as you move away!
You block the titanic slime creature's attack.
The titanic slime creature attacks as you move away!
You block the titanic slime creature's attack.
The titanic slime creature attacks as you move away!
You block the titanic slime creature's attack.
The titanic slime creature attacks as you move away!
The titanic slime creature hits you!!!!
* * * LOW HITPOINT WARNING * * *
A red film seems to cover your vision as you go berserk!
You feel yourself moving faster!
You feel mighty! The titanic slime creature hits you!!!!
You die...

#..# #.# #..# #.#
#..# #.# ########..#
#.# #.........#
#.#########
#.......[.#
#..........
#.######..#
#.....<..<. #.#
#..########..########
#.# #..J@........# #
#.# #.#########..# #
#.# #.# #..# # #.#
#.# #..# # #.# #.#
#..# # #.# #.# #..# #
#.# #.# #..# # #>#
#.# #..# # #.# #.#
#..# #


You could see a titanic slime creature.

Vanquished Creatures
  The ghost of tabstorm the Eclecticist, a journeyman DjFE of Makhleb (Lair:5)
  Snorg (D:12)
  7 hydras
  Harold (D:9)
  A boulder beetle (D:12)
  The ghost of Huckebein the Shield-Bearer, a novice NaFi of Cheibriados (D:8)
  Erica (D:8)
  An alligator (Lair:5)
  A tengu warrior (D:13)
  A two-headed ogre (D:10)
  Sonja (Lair:3)
  The ghost of Kalaber the Grappler, a novice TrFi of Uskayaw (D:8)
  Amaemon (Lair:3)
  2 skysharks (Lair:5)
  A skeletal warrior (D:12)
  An orb spider (Lair:2)
  A deep elf pyromancer (D:12)
  2 ugly things
  2 oklob plants (Lair:5)
  A necromancer (Lair:4)
  3 wolf spiders (Lair:5)
  A cyclops (D:12)
  5 elephants (Lair:4)
  21 black mambas
  4 torpor snails
  A gargoyle (D:12)
  A guardian serpent (Lair:5)
  An unseen horror (D:11)
  An orange demon (Lair:3)
  22 cane toads
  Maggie (D:8)
  2 tengu conjurers (D:13)
  A yaktaur (D:12)
  7 rime drakes
  14 komodo dragons
  A troll (D:11)
  Grinder (D:4)
  12 polar bears
  5 raiju (Lair:5)
  2 hornets (Lair:5)
  10 blink frogs
  A snapping turtle (Lair:2)
  8 dream sheep
  6 slime creatures
  33 yaks
  2 shadows
  6 wyverns (Lair:5)
  3 basilisks
  2 vampires
  An unseen horror simulacrum (D:8)
  4 wraiths
  2 redbacks (Lair:5)
  3 vampire mosquitoes (D:10)
  3 steam dragons
  6 wargs
  12 hell hounds (Lair:5)
  28 water moccasins
  5 orc warriors
  13 black bears
  2 elephant zombies (Lair:4)
  4 ice beasts
  2 ogres
  34 wolves
  6 centaurs
  A phantom (D:6)
  13 bullfrogs
  A komodo dragon zombie (Lair:4)
  3 kobold brigands
  6 scorpions
  2 gnoll sergeants (D:9)
  15 wights
  6 electric eels
  3 howler monkeys
  4 crimson imps (D:3)
  14 jellies
  7 orc priests
  5 hounds
  A gnoll bouda (D:8)
  2 iguanas
  Terence (D:2)
  11 orc wizards
  A centaur simulacrum (D:8)
  15 gnolls
  5 adders
  A shadow imp (D:7)
  3 white imps
  2 howler monkey simulacra (D:8)
  3 ufetubi
  A worm (D:3)
  2 dart slugs
  45 orcs
  2 ball pythons
  3 bats
  8 endoplasms
  4 giant cockroaches
  10 goblins
  7 hobgoblins
  4 jackals (D:2)
  18 kobolds
  4 quokkas
  5 frilled lizards
  5 rats
574 creatures vanquished.

Vanquished Creatures (others)
  Maurice (D:8)
  A blink frog (Lair:3)
  43 fungi
  81 plants
  A withered plant (D:13)
127 creatures vanquished.

Grand Total: 701 creatures vanquished

Notes
Turn   | Place    | Note
-------+----------+-------------------------------------------
     0 | D:1      | meatpath the Minotaur Berserker began the quest for the
                  | Orb.
     0 | D:1      | Reached XP level 1. HP: 19/19 MP: 0/0
    89 | D:1      | Reached XP level 2. HP: 27/27 MP: 1/1
   560 | D:2      | Noticed Terence
   881 | D:2      | Reached ** piety under Trog
   886 | D:2      | Reached XP level 3. HP: 27/33 MP: 2/2
  1031 | D:2      | Killed Terence
  1271 | D:2      | Reached XP level 4. HP: 41/41 MP: 3/3
  1984 | D:3      | Found a shadowy altar of Dithmenos.
  2109 | D:3      | Found a shimmering altar of Xom.
  2152 | D:3      | Reached skill level 5 in Fighting
  2152 | D:3      | Reached skill level 5 in Axes
  2152 | D:3      | Reached XP level 5. HP: 48/48 MP: 4/4
  2393 | D:3      | Reached XP level 6. HP: 56/56 MP: 5/5
  2769 | D:4      | Noticed Grinder
  2777 | D:4      | Killed Grinder
  2778 | D:4      | Reached XP level 7. HP: 63/63 MP: 6/6
  2827 | D:4      | Reached *** piety under Trog
  3272 | D:5      | Entered Level 5 of the Dungeon
  3441 | D:5      | Found a large runed translucent door.
  3441 | D:5      | Found a large runed translucent door.
  3752 | D:5      | Found a hazy altar of Hepliaklqana.
  4142 | D:5      | Found a bloodstained altar of Trog.
  4149 | D:5      | Found a radiant altar of Vehumet.
  4156 | D:5      | Reached XP level 8. HP: 73/73 MP: 7/7
  4309 | D:6      | Found a glowing golden altar of the Shining One.
  4326 | D:6      | Reached skill level 5 in Shields
  4393 | D:6      | Noticed a +0 falchion
  4453 | D:6      | Noticed a +0 short sword
  4454 | D:6      | Noticed a +0 dagger
  4454 | D:6      | Noticed a +0 spear
  4454 | D:6      | Noticed a +0 short sword
  4456 | D:6      | Noticed a +0 spear
  4456 | D:6      | Noticed a +0 dagger
  4456 | D:6      | Noticed a +0 falchion
  4468 | D:6      | Found a hide-covered altar of Uskayaw.
  4499 | D:6      | Found a sacrificial altar of Ru.
  4715 | D:6      | Found Zoqohus's Weapon Shoppe.
  4791 | D:6      | Reached **** piety under Trog
  5148 | D:7      | Reached XP level 9. HP: 67/82 MP: 8/8
  5243 | D:7      | Found a staircase to the Ecumenical Temple.
  5306 | Temple   | Entered the Ecumenical Temple
  5493 | D:7      | Found a stormy altar of Qazlal.
  5952 | D:7      | Found a white marble altar of Elyvilon.
  6277 | D:7      | Reached skill level 10 in Axes
  6326 | D:8      | Reached skill level 10 in Fighting
  6421 | D:8      | Reached ***** piety under Trog
  6576 | D:8      | Found a staircase to the Lair.
  6621 | D:8      | Noticed Erica
  6626 | D:8      | Killed Erica
  6627 | D:8      | Reached XP level 10. HP: 59/94 MP: 9/9
  6751 | D:8      | Noticed Maggie
  6751 | D:8      | Noticed Maurice
  6774 | D:8      | Killed Maurice
  6779 | D:8      | Killed Maggie
  7363 | D:8      | Found a runed translucent gate.
  7364 | D:8      | Found a runed translucent gate.
  7364 | D:8      | Found a runed translucent gate.
  7365 | D:8      | Noticed Huckebein's ghost (novice NaFi)
  7365 | D:8      | Noticed Kalaber's ghost (novice TrFi)
  7390 | D:8      | Killed Kalaber's ghost
  7391 | D:8      | Reached skill level 10 in Shields
  7409 | D:8      | Killed Huckebein's ghost
  7630 | D:8      | Identified a scroll of acquirement
  7631 | D:8      | Acquired 798 gold pieces
  8414 | D:9      | Received a gift from Trog
  8703 | D:9      | Noticed Harold
  8716 | D:9      | Killed Harold
  8717 | D:9      | Reached XP level 11. HP: 79/105 MP: 3/10
  9061 | D:9      | Found a shimmering blue altar of Sif Muna.
  9237 | D:10     | Entered Level 10 of the Dungeon
  9280 | D:10     | Found an iron altar of Okawaru.
  9341 | D:10     | Noticed a two-headed ogre
  9349 | D:10     | Killed a two-headed ogre
 10070 | D:11     | Noticed a purple ugly thing
 10083 | D:11     | Killed a purple ugly thing
 10386 | D:11     | Found a staircase to the Orcish Mines.
 10796 | D:12     | Noticed a boulder beetle
 10911 | D:12     | Noticed a deep elf pyromancer
 10926 | D:12     | Killed a deep elf pyromancer
 10980 | D:12     | Noticed Snorg
 10994 | D:12     | Killed Snorg
 11265 | D:12     | Noticed a green ugly thing
 11280 | D:12     | Killed a green ugly thing
 11640 | D:12     | Noticed a skeletal warrior
 11663 | D:12     | Killed a skeletal warrior
 11664 | D:12     | Reached XP level 12. HP: 59/116 MP: 3/11
 12112 | Lair:1   | Entered Level 1 of the Lair of Beasts
 12590 | Lair:2   | Found a bloodstained altar of Trog.
 12858 | Lair:2   | Found the +4 skin of Zhor {*Englaciate rC+++ SInv}
 13198 | Lair:2   | Reached skill level 15 in Axes
 13274 | Lair:2   | Noticed a five-headed hydra
 13284 | Lair:2   | Killed a two-headed hydra
 13285 | Lair:2   | Reached skill level 15 in Fighting
 13469 | Lair:2   | Found a hole to the Spider Nest.
 13562 | Lair:2   | Found a staircase to the Shoals.
 14104 | Lair:3   | Reached ****** piety under Trog
 14104 | Lair:3   | Received a gift from Trog
 14246 | Lair:3   | Reached XP level 13. HP: 120/127 MP: 4/12
 14352 | Lair:3   | Noticed Amaemon
 14366 | Lair:3   | Killed Amaemon
 14943 | Lair:3   | Noticed Sonja
 14971 | Lair:3   | Killed Sonja
 15380 | Lair:4   | Reached skill level 15 in Shields
 16138 | Lair:4   | Received a gift from Trog
 16305 | Lair:4   | Identified the +1 hand axe of the Beast {spect, rPois Int+2
                  | Dex+4}
 17126 | Lair:5   | Entered Level 5 of the Lair of Beasts
 17260 | Lair:5   | Found a viscous altar of Jiyva.
 17360 | Lair:5   | Found a staircase to the Slime Pits.
 17916 | Lair:4   | Reached XP level 14. HP: 102/140 MP: 5/13
 18022 | Lair:5   | Reached skill level 5 in Armour
 18563 | Lair:5   | Found a transporter.
 18567 | Lair:5   | Received a gift from Trog
 18574 | Lair:5   | Noticed tabstorm's ghost (journeyman DjFE)
 18599 | Lair:5   | Found a transporter.
 19788 | Lair:5   | Received a gift from Trog
 20217 | Lair:5   | Killed tabstorm's ghost
 20831 | D:13     | Reached XP level 15. HP: 99/150 MP: 4/14
 21043 | D:13     | Found a runed translucent door.
 21641 | D:12     | Annihilated by a titanic slime creature

Illustrated notes

Levels and vault maps discovered:
D:1:      wander_arrival_lonely_grave, layout_rooms,
          chequers_serial_rivers_room_a
D:2:      layout_basic, uniq_terence
D:3:      layout_loops_ring, grunt_dithmenos_smoke, led_xom_imps
D:4:      layout_rooms, serial_bayou_lake_a, uniq_grinder
D:5:      layout_loops_cross, mainiacjoe_overflow_surrounded_room,
          jmf_multi_god_temple2
D:6:      minmay_chambers_of_fours, layout_cave_pools, old_standard_altar,
          nicolae_uskayaw_en_pointe, tso_oasis_becter, serial_shops,
          nicolae_shop_bloodbath_and_beyond
D:7:      layout_loops_corners, elyvilon_altar_3,
          nicolae_qazlal_general_emergency, minmay_temple_entry_wispy
D:8:      layout_cave_pools, dpeg_oklobed_lair, serial_ice, serial_ice_a,
          serial_ice_c, serial_ice_o, serial_ice_m, serial_ice_e, serial_ice_d,
          gammafunk_ghost_cemetery, nicolae_concentric_dashed_squares_wild,
          kb_lookout_dungeons_type, uniq_erica, uniq_maurice, uniq_maggie
D:9:      layout_irregular_city, led_sif_book, grunt_ministairs_7, uniq_harold
D:10:     layout_roguey, kennysheep_okawaru_gauntlet, minmay_misc_feat_pillars
D:11:     layout_roguey, erik_orc_4
D:12:     kennysheep_big_flooded_room, layout_long_grid, portal_ice_cave_rime,
          kennysheep_small_square, uniq_snorg
D:13:     layout_loops_ring, david_vaults_1, serial_undead, serial_undead_a,
          serial_undead_e, serial_undead_a, serial_undead_a, minivault_13
Temple:   cyrus_temple_forest
Lair:1:   layout_hall_layers
Lair:2:   layout_concentric_octagons, minmay_shoals_entry_hut,
          nicolae_spider_entry_orb_guardian, basic_altar,
          hellmonk_guarded_unrand_zhor, lemuel_fruit_fields,
          infiniplex_staircase_pool
Lair:3:   layout_loops_ring, dpeg_oklob_1, serial_bayou_shore_b,
          grunt_megastairs_5, lemuel_fruit_tree, infiniplex_staircase_pool_2,
          uniq_sonja, uniq_amaemon
Lair:4:   pond_and_an_island_with_a_cottage, layout_cave_pods,
          grunt_megastairs_4
Lair:5:   hangedman_lair_tendril_chambers, layout_loops_ring,
          hangedman_lair_caniforms_friends, minmay_slime_entry_jelly_boxes,
          nzn_ghost_randoct, nicolae_quartered_pool_super

Skill      XL: |  1  2  3  4  5  6  7  8  9 10 11 12 13 14 |
---------------+-------------------------------------------+-----
Axes           | 4 5 6 7 8 10 12 14 15 17 18 | 18.6
Fighting       | 4 5 6 7 8 10 12 13 15 17 18 | 18.6
Dodging        | 3 |  3.1
Armour         | 3 4 9 |  9.4
Shields        | 2 4 6 9 10 12 14 16 | 16.0

Action                     |  1- 3 |  4- 6 |  7- 9 | 10-12 | 13-15 || total
---------------------------+-------+-------+-------+-------+-------++-------
  Melee: Hand axe          |    60 |   141 |    76 |       |       ||   277
         Headbutt          |     4 |    21 |    57 |   116 |   166 ||   364
         Punch             |       |     2 |       |       |       ||     2
         War axe           |       |       |   233 |   520 |   617 ||  1370
         Scimitar          |       |       |       |     7 |   116 ||   123
 Invoke: Berserk           |     1 |     1 |     1 |     4 |     4 ||    11
    Use: Scroll            |       |     2 |     7 |     6 |     8 ||    23
         Potion            |       |       |       |       |     7 ||     7
 Armour: Animal skin       |     7 |       |       |       |       ||     7
         Chain mail        |     2 |    60 |   141 |     8 |       ||   211
         Swamp dragon scal |       |       |       |    45 |       ||    45
         Plate armour      |       |       |       |   106 |   292 ||   398
  Dodge: Dodged            |    42 |    54 |    92 |    57 |   140 ||   385
  Block: Buckler           |       |     4 |    19 |       |       ||    23
         Tower shield      |       |       |   150 |   481 |   861 ||  1492
         Reflection        |       |       |     1 |    17 |     5 ||    23
